AoeStats
← SaberikS

Team Islands

503695446Analyzed
4v4 RM · 1mo ago on Sep 1, 2026· 56m 49s· 8 players
Game mode
Random Map
Map size
242×242
Population
200
Speed
Normal
Resources
Standard
Victory
Conquest
Starting age
Dark Age
Ending age
Imperial Age
RankedLock teamsTeams togetherTeam positionsShared explorationLock speedFull tech treeHidden civsTurbo modeCheats
Victory
Defeat
🇺🇸 Vikings · United States
1100
+16
🇬🇧 Celts · United Kingdom
1100
+16
🇮🇱 Mongols · Israel
1054
+18
🇪🇨 Japanese · Ecuador
1016
+20
🇹🇷 Vikings · Türkiye
1189
-21
🇹🇷 Khmer · Türkiye
1177
-21
🇹🇷 Japanese · Türkiye
1041
-15
🇹🇷 Saracens · Türkiye
987
-12
Mike
11:03 Feudal Age
14:53 Castle Age
13:44 Double-Bit Axe
17:28 Bow Saw
17:57 Loom
18:51 Scale Barding Armor
18:51 Horse Collar
26:27 Chain Barding Armor
31:30 Heavy Plow
33:32 Gold Mining
34:26 Wheelbarrow
34:24 Forging
38:11 Gold Shaft Mining
38:32 Iron Casting
41:18 Bloodlines
41:27 Hand Cart
47:14 Imperial Age
45:09 Husbandry
48:58 Blast Furnace
47:21 Heavy Camel Rider
47:23 Cavalier
50:32 Town Watch
51:47 Conscription
52:13 Caravan
52:39 Elite Mangudai
53:10 Fletching
53:20 Padded Archer Armor
54:23 Bodkin Arrow
56:11 Ballistics
56:56 Chemistry
56:05 Bracer
56:44 Leather Archer Armor
Jobington
13:32 Feudal Age
13:35 Loom
14:37 Fishing Lines
18:16 Castle Age
16:09 Double-Bit Axe
17:15 Horse Collar
17:29 Gold Mining
17:31 Stone Mining
20:42 Medium Warships
22:28 Heavy Plow
22:42 Bow Saw
23:44 Wheelbarrow
23:49 Gold Shaft Mining
23:52 Stone Shaft Mining
26:09 Hand Cart
33:33 Imperial Age
33:22 Scale Mail Armor
33:33 Forging
34:13 Elite Woad Raider
35:14 Conscription
35:37 Iron Casting
35:17 Chain Mail Armor
38:54 Blast Furnace
38:25 Plate Mail Armor
38:07 Furor Celtica
39:31 Onager
41:29 Siege Onager
43:13 Siege Onager
Lordcreos
12:33 Feudal Age
14:08 Double-Bit Axe
14:13 Loom
14:15 Fishing Lines
18:36 Castle Age
18:14 Bloodlines
18:17 Forging
18:13 Scale Barding Armor
19:00 Gold Mining
20:18 Wheelbarrow
21:20 Hand Cart
23:05 Gillnets
24:41 Chain Barding Armor
28:55 Gold Shaft Mining
29:13 Iron Casting
39:17 Imperial Age
41:33 Blast Furnace
43:39 Conscription
42:42 Elite Samurai
44:45 Fletching
45:10 Stone Mining
45:30 Arson
45:49 Squires
48:13 Bodkin Arrow
48:18 Padded Archer Armor
49:20 Chemistry
48:40 Ballistics
48:15 Elite Skirmisher
49:53 Bracer
50:08 Leather Archer Armor
54:29 Town Watch
User1162
10:41 Feudal Age
11:43 Double-Bit Axe
15:55 Loom
15:55 Fishing Lines
22:03 Castle Age
21:52 Fletching
22:37 Padded Archer Armor
23:28 Bodkin Arrow
24:01 Leather Archer Armor
24:56 Horse Collar
25:10 Gold Mining
26:01 Clinker Construction
26:59 Careening
28:23 Bow Saw
28:55 Gold Shaft Mining
30:23 Ballistics
33:44 Gillnets
34:35 Town Watch
37:21 Imperial Age
37:08 Murder Holes
38:07 Bracer
38:38 Ring Archer Armor
38:44 Conscription
38:15 Elite Longship
39:45 Dry Dock
40:08 Arrowslits
40:52 Carvel Hull
42:15 Chemistry
42:28 Scale Mail Armor
42:38 Forging
43:41 Chain Mail Armor
43:00 Elite Cannon Galleon
45:04 Iron Casting
46:16 Chieftains
46:28 Bogsveigar
48:28 Murder Holes
48:38 Siege Engineers
51:04 Blast Furnace
50:34 Plate Mail Armor
51:48 Caravan
52:41 Scale Barding Armor
52:47 Siege Engineers
52:03 Elite Berserk
54:32 Hoardings
53:27 Sappers
53:43 Treadmill Crane
54:19 Masonry
55:43 Chain Barding Armor
SonGokuSan
11:33 Feudal Age
14:29 Castle Age
13:15 Double-Bit Axe
18:58 Loom
20:11 Forging
20:24 Husbandry
23:03 Bloodlines
24:44 Iron Casting
23:57 Horse Collar
25:20 Heavy Plow
26:43 Fletching
26:55 Padded Archer Armor
26:53 Crossbowman
27:56 Bodkin Arrow
32:25 Leather Archer Armor
36:49 Imperial Age
34:21 Town Watch
35:12 Wheelbarrow
34:43 Gold Mining
34:43 Stone Mining
37:48 Gold Shaft Mining
37:03 Stone Mining
38:23 Bow Saw
38:16 Bracer
37:37 Arbalester
39:53 Ring Archer Armor
42:09 Hand Cart
42:56 Ballistics
50:05 Chemistry
49:05 Elite Battle Elephant
51:17 Blast Furnace
50:23 Scale Barding Armor
Dr.Foley
13:42 Feudal Age
12:00 Loom
14:45 Fishing Lines
15:06 Double-Bit Axe
22:28 Castle Age
20:36 Town Watch
21:27 Wheelbarrow
22:47 Horse Collar
22:53 Horse Collar
23:12 Gold Mining
23:13 Stone Mining
23:42 Bow Saw
23:37 Heavy Plow
24:10 Gillnets
25:13 Bloodlines
25:05 Husbandry
25:15 Scale Barding Armor
25:21 Forging
25:54 Gold Shaft Mining
34:20 Town Patrol
34:35 Hand Cart
53:24 Imperial Age
SaberikS
10:20 Feudal Age
11:20 Double-Bit Axe
19:15 Castle Age
19:56 Fishing Lines
22:29 Bow Saw
25:29 Pikeman
26:07 Loom
29:10 Scale Mail Armor
30:08 Ballistics
33:29 Wheelbarrow
33:51 Forging
33:57 Chain Mail Armor
42:09 Imperial Age
43:27 Halberdier
49:15 Iron Casting
52:49 Hand Cart
53:39 Blast Furnace
53:11 Plate Mail Armor
Oranos
10:31 Feudal Age
14:33 Castle Age
14:10 Fletching
14:28 Horse Collar
14:51 Double-Bit Axe
16:36 Horse Collar
16:57 Loom
19:35 Bodkin Arrow
20:36 Bow Saw
24:26 Clinker Construction
25:28 Padded Archer Armor
25:53 Ballistics
26:56 Careening
45:46 Imperial Age
45:31 Chieftains
46:05 Scale Mail Armor
47:50 Forging
47:55 Heated Shot
49:02 Bracer
49:46 Arson
Connection lost

Rejoining the realm…

Still unreachable

The connection could not be restored.

Session expired

The server has moved on; the page needs a fresh start.